 Dungeon Sprint DCSS version 0.25-b1-37-g2669288c55 (webtiles) character file.

Game seed: 854192170284186439

15836 Chiseanne the Green Death (level 12, -7/204 HPs)
             Began as a Demonspawn Wanderer on June 4, 2020.
             Was a High Priest of Fedhas.
             Mangled by the 27-headed Lernaean hydra (10 damage)
             ... in the Dungeon (Sprint I: "Red Sonja").
             The game lasted 00:20:02 (3657 turns).

Chiseanne the Green Death (Demonspawn Wanderer)     Turns: 3657, Time: 00:20:02

Health: -7/204     AC: 26    Str: 16    XL:     12   Next: 4%
Magic:  25/25      EV:  2    Int:  8    God:    Fedhas [*****.]
Gold:   290        SH: 14    Dex: 20    Spells: 11/11 levels left

rFire    . . .     SeeInvis .   a - +11 trident of Shame {vorpal, Dex+4}
rCold    . . .     Gourm    .   o - +0 tower shield
rNeg     + + +     Faith    .   (armour currently unavailable)
rPois    +         Spirit   .   (helmet currently unavailable)
rElec    .         Reflect  .   (cloak currently unavailable)
rCorr    .         Harm     .   (gloves currently unavailable)
MR       .....     Rnd*Rage +   (boots currently unavailable) Stlth ..........NoTele +
                                (no amulet)
HPRegen  0.00/turn              (no ring)
MPRegen  0.19/turn              (no ring)

@: berserking, tree-form, starving, very quick
A: berserk 2, blurry vision 1, dopey 2, frail 1, powered by pain 1, inhibited
regeneration
a: Wall of Briars, Grow Ballistomycete, Overgrow, Grow Oklob, Renounce Religion


You were in the Dungeon.
You worshipped Fedhas.
Fedhas was extremely pleased with you.
You were starving.
You were a tree.
You visited 1 branch You collected 1875 gold pieces.
You spent 1585 gold pieces at shops.

Inventory:

Hand Weapons
 a - the +11 trident of Shame (weapon) {vorpal, Dex+4}
   (You bought it in a shop in the Dungeon)

   It inflicts extra damage upon your enemies.
   It affects your dexterity (+4).
Missiles
 d - 11 poisoned darts
 f - 4 curare-tipped darts (quivered)
 k - a throwing net
 n - 48 arrows
Armour
 i - a scarf of invisibility (melded)
 l - a +3 scale mail of poison resistance (melded)
 o - a +0 tower shield (worn)
Scrolls
 b - a scroll of remove curse
 g - a scroll of identify
Potions
 c - 2 potions of lignification
 e - 4 potions of curing
 h - a potion of magic
 j - a potion of heal wounds
 m - 2 potions of flight
 p - a potion of ambrosia


   Skills:
 - Level 12.3 Fighting
   Level 1.0 Maces & Flails
 - Level 1.0 Polearms
 - Level 11.2 Throwing
 - Level 11.2 Armour
 - Level 11.1 Dodging
 * Level 4.9 Shields
 * Level 19.5 Invocations
 - Level 10.5 Evocations


You had 11 spell levels left.
You didn't know any spells.
Your spell library was empty.

Dungeon Overview and Level Annotations

Branches:
Dungeon (1/1)

Altars:
Cheibriados
Dithmenos
Elyvilon
Fedhas
Gozag
Hepliaklqana
Kikubaaqudgha
Makhleb
Nemelex Xobeh
Okawaru
Qazlal
Ru
Sif Muna
Trog
Uskayaw
Vehumet
Wu Jian
Xom
Yredelemnul
Zin
The Shining One
Jiyva
Lugonu

Shops:
D !:**:([

Annotations:
D Lernaean hydra, Lom Lobon


Innate Abilities, Weirdness & Mutations

((You have a pair of small horns on your head.))
((You are mostly covered in icy blue scales. (AC +3)))
You sometimes gain a little power by taking damage.
((You are partially covered in sharp spines.))
You often lose your temper in combat.
Scrolls take you a little longer to read.
You are very dopey. (Int -4)
You are frail. (-10% HP)
You do not regenerate when monsters are visible.


Message History

The 27-headed Lernaean hydra bites you.
* * * LOW HITPOINT WARNING * * *
You block the 27-headed Lernaean hydra's attack.
The 27-headed Lernaean hydra bites you but does no damage.
You block the 27-headed Lernaean hydra's attack.
The 27-headed Lernaean hydra bites you but does no damage.
You block the 27-headed Lernaean hydra's attack.
The 27-headed Lernaean hydra bites you!
* * * LOW HITPOINT WARNING * * *
The 27-headed Lernaean hydra bites you but does no damage. x7
The 27-headed Lernaean hydra bites you!
* * * LOW HITPOINT WARNING * * *
The 27-headed Lernaean hydra bites you but does no damage. x3
You block the 27-headed Lernaean hydra's attack.
The 27-headed Lernaean hydra bites you but does no damage.
The 27-headed Lernaean hydra bites you!
* * * LOW HITPOINT WARNING * * *
The 27-headed Lernaean hydra bites you!
You die...
Fedhas appreciates your contribution to the ecosystem.

########################
#.§§.§§§§§§.'..#^.+§.§§#
#§####§§§..##...^^#§§§§##
#.# ##§§§#####...#§.[..#
'.# ###+#)).##.)#§§§.§#
### #.##...#..##§§§$# °○#
#..#PP.#♣.≈###+## .○+
##.#)P.#D.≈.)# .○#
#..#.PP..)≈.## .^#
#.##......≈## ○##
#..#'##...≈# ^#
##...#.≈..## '#
###.#.≈..# .# #.###..# ##
#.P.'..#


You could see the 27-headed Lernaean hydra (corroded).

Vanquished Creatures
  A hydra (D)
  2 centaur warriors (D)
  Sonja (D)
  A deep troll (D)
  2 unseen horrors (D)
  A lindwurm (D)
  8 shining eyes (D)
  A gargoyle (D)
  2 demonic crawlers (D)
  2 hornets (D)
  A slime creature (D)
  2 redbacks (D)
  A yak (D)
  Sigmund (D)
  11 hogs (D)
  6 floating eyes (D)
  An ogre (D)
  3 jellies (D)
  Ijyb (D)
48 creatures vanquished.

Vanquished Creatures (collateral kills)
  A daeva (D)
  A deep elf annihilator (D)
  A mummy priest (D)
  3 unseen horrors (D)
  2 merfolk sirens (D)
  2 kobold demonologists (D)
  2 demonic crawlers (D)
  A hellwing (D)
  3 hornets (D)
  2 hogs (D)
  A floating eye (D)
  A ball lightning (D)
  6 ballistomycete spores (D)
26 creatures vanquished.

Vanquished Creatures (others)
  An oklob plant (D)
  A gargoyle (D)
  3 ball lightnings (D)
  2 ballistomycete spores (D)
7 creatures vanquished.

Grand Total: 81 creatures vanquished

Notes
Turn   | Place    | Note
-------+----------+-------------------------------------------
     0 | D        | Chiseanne the Demonspawn Wanderer began the quest for the
                  | Orb.
     0 | D        | Chiseanne set off with the following items: a +2 spear, a
                  | +0 ring mail, a potion of lignification, a ration, a potion
                  | of curing, a potion of heal wounds, a potion of haste, 2
                  | potions of magic, a potion of berserk rage, a scroll of
                  | blinking
     0 | D        | Reached XP level 1. HP: 18/18 MP: 1/1
     1 | D        | Noticed Ijyb
    33 | D        | Killed Ijyb
    33 | D        | Gained mutation: You are partially covered in icy blue
                  | scales. (AC +2) [demonic ancestry]
    33 | D        | Reached XP level 2. HP: 22/25 MP: 2/2
    68 | D        | Noticed an ogre
    73 | D        | Killed an ogre
    73 | D        | Reached skill level 5 in Fighting
    73 | D        | Gained mutation: You are partially covered in sharp spines.
                  | [demonic ancestry]
    73 | D        | Reached XP level 3. HP: 9/33 MP: 3/3
    73 | D        | Reached XP level 4. HP: 11/39 MP: 4/4
   305 | D        | Noticed Sigmund
   317 | D        | Killed Sigmund
   317 | D        | Reached skill level 5 in Throwing
   317 | D        | Reached skill level 5 in Armour
   317 | D        | Reached skill level 5 in Dodging
   317 | D        | Gained mutation: You have a pair of small horns on your
                  | head. [demonic ancestry]
   317 | D        | Reached XP level 5. HP: 31/47 MP: 5/5
   440 | D        | Found a shimmering blue altar of Sif Muna.
   441 | D        | Found an ornate altar of the Wu Jian Council.
   442 | D        | Found a radiant altar of Vehumet.
   445 | D        | Gained mutation: You sometimes gain a little power by
                  | taking damage. [demonic ancestry]
   445 | D        | Reached XP level 6. HP: 41/55 MP: 6/6
   534 | D        | Found Zoircha's Assorted Antiques.
   534 | D        | Found an ancient bone altar of Kikubaaqudgha.
   534 | D        | Found a hazy altar of Hepliaklqana.
   534 | D        | Found a hide-covered altar of Uskayaw.
   534 | D        | Found a basalt altar of Yredelemnul.
   534 | D        | Found an opulent altar of Gozag.
   534 | D        | Found a snail-covered altar of Cheibriados.
   534 | D        | Found a sacrificial altar of Ru.
   534 | D        | Found a shadowy altar of Dithmenos.
   534 | D        | Noticed a yak
   548 | D        | Killed a yak
   549 | D        | Found a stormy altar of Qazlal.
   549 | D        | Found a blossoming altar of Fedhas.
   549 | D        | Found a bloodstained altar of Trog.
   549 | D        | Found an iron altar of Okawaru.
   549 | D        | Found a glowing golden altar of the Shining One.
   549 | D        | Found a glowing silver altar of Zin.
   549 | D        | Found a white marble altar of Elyvilon.
   550 | D        | Found a sparkling altar of Nemelex Xobeh.
   553 | D        | Became a worshipper of Fedhas Madash
   556 | D        | Bought a fine mace for 144 gold pieces
   556 | D        | Bought a runed scarf for 144 gold pieces
   556 | D        | Bought a dark potion for 16 gold pieces
   556 | D        | Bought a scroll labeled OVUECHOSSE for 18 gold pieces
   790 | D        | Noticed Sonja
   797 | D        | Identified the +9 mace of Pofumn {antimagic, *Contam Int+4
                  | Dex+4} (You bought it in a shop in the Dungeon)
   952 | D        | Killed Sonja
   952 | D        | Reached XP level 7. HP: 49/64 MP: 2/7
   952 | D        | Reached XP level 8. HP: 54/71 MP: 2/8
  1069 | D        | Found Taekes's Distillery.
  1078 | D        | Bought a potion of mutation for 104 gold pieces
  1144 | D        | Noticed a shining eye
  1144 | D        | Noticed a shining eye
  1144 | D        | Noticed a shining eye
  1147 | D        | Paralysed by a floating eye for 3 turns
  1148 | D        | Noticed a shining eye
  1149 | D        | Noticed a shining eye
  1151 | D        | Reached * piety under Fedhas
  1151 | D        | Noticed a shining eye
  1152 | D        | Noticed a shining eye
  1154 | D        | Gained mutation: You occasionally shout uncontrollably at
                  | your foes. [a shining eye]
  1162 | D        | Killed a shining eye
  1162 | D        | Reached skill level 10 in Fighting
  1165 | D        | Gained mutation: You are dopey. (Int -2) [a shining eye]
  1165 | D        | Paralysed by a floating eye for 2 turns
  1166 | D        | Noticed a shining eye
  1172 | D        | Killed a shining eye
  1172 | D        | Paralysed by a floating eye for 4 turns
  1172 | D        | Gained mutation: You tend to lose your temper in combat. [a
                  | shining eye]
  1172 | D        | Gained mutation: Your body sometimes deteriorates upon
                  | taking damage. [a shining eye]
  1173 | D        | Gained mutation: Your magical capacity is low. (-10% MP) [a
                  | shining eye]
  1176 | D        | Gained mutation: Armour fits poorly on your strangely
                  | shaped body. [a shining eye]
  1179 | D        | Paralysed by a floating eye for 3 turns
  1184 | D        | Killed a shining eye
  1184 | D        | Reached ** piety under Fedhas
  1184 | D        | Gained mutation: You are mostly covered in icy blue scales.
                  | (AC +3) [demonic ancestry]
  1184 | D        | Reached XP level 9. HP: 79/79 MP: 2/8
  1184 | D        | Paralysed by a floating eye for 3 turns
  1186 | D        | Gained mutation: You are very dopey. (Int -4) [a shining
                  | eye]
  1189 | D        | Paralysed by a floating eye for 4 turns
  1191 | D        | Gained mutation: You often lose your temper in combat. [a
                  | shining eye]
  1194 | D        | Lost mutation: Armour fits poorly on your strangely shaped
                  | body. [a shining eye]
  1196 | D        | Killed a shining eye
  1196 | D        | Reached skill level 10 in Throwing
  1196 | D        | Reached skill level 10 in Armour
  1196 | D        | Reached skill level 10 in Dodging
  1196 | D        | Paralysed by a floating eye for 2 turns
  1200 | D        | Paralysed by a floating eye for 4 turns
  1201 | D        | Gained mutation: You are frail. (-10% HP) [a shining eye]
  1207 | D        | Killed a shining eye
  1208 | D        | Paralysed by a floating eye for 4 turns
  1212 | D        | Reached *** piety under Fedhas
  1216 | D        | Gained mutation: Scrolls take you a little longer to read.
                  | [a shining eye]
  1218 | D        | Paralysed by a floating eye for 3 turns
  1221 | D        | Killed a shining eye
  1230 | D        | Gained mutation: Your spells are a little easier to cast,
                  | but a little less powerful. [a shining eye]
  1231 | D        | Killed a shining eye
  1231 | D        | Reached XP level 10. HP: 80/80 MP: 3/9
  1237 | D        | Gained mutation: You do not regenerate when monsters are
                  | visible. [a shining eye]
  1243 | D        | Killed a shining eye
  1243 | D        | Reached **** piety under Fedhas
  1251 | D        | Found Omiet's Book Shoppe.
  1251 | D        | Found Yvuzoeho's Antique Weapon Boutique.
  1251 | D        | Found Usturch's Assorted Antiques.
  1252 | D        | Found Rotsilaa's Book Shop.
  1264 | D        | Bought a scroll of identify for 48 gold pieces
  1264 | D        | Bought a scroll labeled UPI LUISTYEN for 24 gold pieces
  1264 | D        | Bought a scroll of identify for 48 gold pieces
  1264 | D        | Bought a scroll of identify for 48 gold pieces
  1279 | D        | Bought a potion of curing for 39 gold pieces
  1286 | D        | Lost mutation: Your body sometimes deteriorates upon taking
                  | damage. [potion of mutation]
  1286 | D        | Lost mutation: Scrolls take you a little longer to read.
                  | [potion of mutation]
  1286 | D        | Gained mutation: You have supernaturally acute eyesight.
                  | (SInv) [potion of mutation]
  1295 | D        | Noticed a deep troll
  1303 | D        | Killed a deep troll
  1303 | D        | Reached skill level 6 in Invocations
  1326 | D        | Found Xufuidaxt's Armour Emporium.
  1347 | D        | Lost mutation: You are frail. (-10% HP) [potion of
                  | mutation]
  1347 | D        | Lost mutation: You occasionally shout uncontrollably at
                  | your foes. [potion of mutation]
  1347 | D        | Gained mutation: You are weak. (Str -2) [potion of
                  | mutation]
  1347 | D        | Gained mutation: You are resistant to hostile enchantments.
                  | (MR+) [potion of mutation]
  1348 | D        | Lost mutation: Your magical capacity is low. (-10% MP)
                  | [potion of mutation]
  1348 | D        | Lost mutation: You are weak. (Str -2) [potion of mutation]
  1348 | D        | Lost mutation: You are resistant to hostile enchantments.
                  | (MR+) [potion of mutation]
  1348 | D        | Gained mutation: You are frail. (-10% HP) [potion of
                  | mutation]
  1348 | D        | Lost mutation: Your spells are a little easier to cast, but
                  | a little less powerful. [potion of mutation]
  1437 | D        | Bought a potion of berserk rage for 65 gold pieces
  1437 | D        | Bought a potion of curing for 39 gold pieces
  1454 | D        | Noticed a centaur warrior
  1455 | D        | Noticed a centaur warrior
  1466 | D        | Killed a centaur warrior
  1466 | D        | Reached skill level 9 in Invocations
  1467 | D        | Killed a centaur warrior
  1467 | D        | Reached skill level 11 in Invocations
  1523 | D        | Reached ***** piety under Fedhas
  1523 | D        | Reached skill level 12 in Invocations
  1535 | D        | Noticed an oklob plant
  1561 | D        | Bought a potion of ambrosia for 104 gold pieces
  1597 | D        | Reached skill level 13 in Invocations
  1726 | D        | Found a burning altar of Makhleb.
  1726 | D        | Found a viscous altar of Jiyva.
  1726 | D        | Found a shimmering altar of Xom.
  1726 | D        | Found a corrupted altar of Lugonu.
  1791 | D        | Bought a fine trident for 204 gold pieces
  1791 | D        | Bought a bubbling red potion for 21 gold pieces
  1792 | D        | Identified the +11 trident of Shame {vorpal, Dex+4} (You
                  | bought it in a shop in the Dungeon)
  1804 | D        | Killed a gargoyle
  1860 | D        | Paralysed by a floating eye for 2 turns
  1860 | D        | Reached skill level 14 in Invocations
  1936 | D        | Reached skill level 15 in Invocations
  1938 | D        | Reached XP level 11. HP: 46/85 MP: 1/22
  1944 | D        | Reached ****** piety under Fedhas
  2023 | D        | Noticed a lindwurm
  2028 | D        | Killed a lindwurm
  2028 | D        | Reached skill level 16 in Invocations
  2043 | D        | Reached skill level 1 in Evocations
  2082 | D        | Reached skill level 17 in Invocations
  2106 | D        | Reached skill level 5 in Evocations
  2122 | D        | Noticed a 12-headed hydra
  2132 | D        | Paralysed by a floating eye for 4 turns
  2203 | D        | Killed a 12-headed hydra
  2359 | D        | Bought a scroll of identify for 36 gold pieces
  2359 | D        | Bought a scroll of remove curse for 54 gold pieces
  2415 | D        | Lost mutation: You have supernaturally acute eyesight.
                  | (SInv) [mutagenic glow]
  2415 | D        | Gained mutation: Scrolls take you a little longer to read.
                  | [mutagenic glow]
  2599 | D        | Bought a potion of heal wounds for 65 gold pieces
  2599 | D        | Bought a potion of heal wounds for 65 gold pieces
  2863 | D        | Bought a +3 scale mail of poison resistance for 299 gold
                  | pieces
  3108 | D        | Noticed a deep elf annihilator
  3111 | D        | Killed a deep elf annihilator
  3112 | D        | Killed an oklob plant
  3114 | D        | Reached skill level 18 in Invocations
  3259 | D        | Noticed a mummy priest
  3260 | D        | Noticed a daeva
  3266 | D        | Noticed a shadow wraith
  3268 | D        | Killed a mummy priest
  3268 | D        | Reached skill level 10 in Evocations
  3549 | D        | Killed a daeva
  3565 | D        | Got a crude quarterstaff
  3568 | D        | Identified the +5 quarterstaff "Aquigigg" {vamp, MP+9 Str+2
                  | Int-3} (You found it in the Dungeon)
  3580 | D        | Killed an unseen horror
  3580 | D        | Reached skill level 1 in Shields
  3584 | D        | Killed an unseen horror
  3587 | D        | Killed an unseen horror
  3587 | D        | Reached skill level 19 in Invocations
  3591 | D        | Killed an unseen horror
  3591 | D        | Reached XP level 12. HP: 72/91 MP: 19/25
  3626 | D        | Noticed Lom Lobon
  3645 | D        | Noticed the 27-headed Lernaean hydra
  3657 | D        | HP: 3/204 [the 27-headed Lernaean hydra (10)]
  3657 | D        | Mangled by the 27-headed Lernaean hydra

Illustrated notes

Levels and vault maps discovered:
D:        dungeon_sprint_1 [red_sonja_temple_1, red_sonja_temple_small_1]

Skill      XL: |  1  2  3  4  5  6  7  8  9 10 11 |
---------------+----------------------------------+-----
Fighting       | 4 5 6 7 9 10 12 | 12.3
Throwing       | 3 4 5 6 8 9 11 | 11.2
Armour         | 3 4 5 6 8 9 11 | 11.2
Dodging        | 2 4 5 8 9 10 11 | 11.1
Invocations    | 15 19 | 19.5
Evocations     | 10 | 10.5
Shields        | 4 |  4.9
Maces & Flails | |  1.0
Polearms       | |  1.0

Action                   |  1- 3 |  4- 6 |  7- 9 | 10-12 || total
-------------------------+-------+-------+-------+-------++-------
Melee: Spear             |    34 |    27 |       |       ||    61
       Headbutt          |       |     6 |    25 |    24 ||    55
       Mace              |       |     1 |    62 |    68 ||   131
       Trident           |       |       |       |    20 ||    20
Throw: Dart              |       |     3 |       |     6 ||     9
Invok: Grow Oklob        |       |       |       |     5 ||     5
       Overgrow          |       |       |       |     4 ||     4
       Grow Ballistomyce |       |       |       |     2 ||     2
  Use: Potion            |     2 |     1 |       |    10 ||    13
       Scroll            |       |     1 |     1 |     7 ||     9
 Stab: Distracted        |       |       |       |     1 ||     1
  Eat: Ration            |       |       |     1 |     1 ||     2
       Chunk             |       |       |       |     3 ||     3
Armor: Ring mail         |     4 |       |       |     1 ||     5
       Troll leather arm |       |       |       |    37 ||    37
       Scale mail        |       |       |       |    12 ||    12
       Skin              |       |       |       |    74 ||    74
Dodge: Dodged            |    13 |    15 |       |   101 ||   129
Block: Tower shield      |       |       |       |    19 ||    19
